[Event "Chess Ladies Graz 2024"]
[Site "Graz"]
[Date "2024.02.25"]
[Round "1.1"]
[White "Mayrhuber, Nikola"]
[Black "Daulyte-Cornette, Deimante"]
[Result "0-1"]
[ECO "E51"]
[WhiteElo "1980"]
[BlackElo "2372"]
[Annotator "TA"]
[PlyCount "34"]
[EventDate "2024.02.25"]
[EventType "tourn"]
[EventCountry "AUT"]
[SourceTitle "playchess.com"]
[Source "ChessBase"]
[SourceQuality "1"]
[TimeControl "40/5400+30:1800+30"]

1. d4 Nf6 2. c4 e6 3. Nc3 Bb4 4. e3 O-O 5. Nf3 d5 6. Bd2 Nbd7 7. Bd3 dxc4 8. Bxc4 Qe7 9. O-O e5 {[%emt 0:00:52] The position is equal.} 10. a3 Bd6 11. e4 (11. Qc2 $1 $14) 11... exd4 $15 12. Nxd4 {[%emt 0:00:27] [#]} Bxh2+ 13. Kxh2 $11 {[%emt 0:01:25] Threatens to win with Nf5.} Qe5+ 14. f4 (14. Kg1 $11 Qxd4 15. Ba2) 14... Qxd4 $17 15. Qe2 Nb6 16. Ba2 Rd8 {[%emt 0:11:55][%cal Oc8g4] aiming for ...Bg4! Black is more active.} 17. Be3 $2 {[%emt 0:10:24][%mdl 8192] [#]} (17. Be1 $17 {is a better chance.} Bg4 18. Qc2) 17... Qxe3 $3 {[%emt 0:02:56][%mdl 512] Weighted Error Value: White=0.86/Black=0.13 (very precise) .  Loses game:     	White=1     	---        Mistake:       	White=2     	Black=1      OK:         	White=2     	Black=4      Best:        	---       	Black=1      Brilliant:      	---       	Black=1} 0-1

[Event "Chess Ladies Graz 2024"]
[Site "Graz"]
[Date "2024.02.25"]
[Round "1.2"]
[White "Brunello, Marina"]
[Black "Bodnaruk, Anastasia"]
[Result "1/2-1/2"]
[ECO "B90"]
[WhiteElo "2345"]
[BlackElo "2340"]
[Annotator "TA"]
[PlyCount "78"]
[EventDate "2024.02.25"]
[EventType "tourn"]
[EventCountry "AUT"]
[SourceTitle "playchess.com"]
[Source "ChessBase"]
[SourceQuality "1"]
[TimeControl "40/5400+30:1800+30"]

1. e4 c5 2. Nf3 d6 3. d4 cxd4 4. Nxd4 Nf6 5. Nc3 a6 6. Be3 e5 7. Nf3 Be7 8. Bc4 Be6 9. Bb3 Nbd7 10. O-O Rc8 11. Ng5 Bc4 12. Bxc4 Rxc4 13. Qd3 Qc7 14. Nf3 O-O 15. Nd2 Rc6 16. a4 h6 17. Rfc1 Rc8 18. f3 Nb6 19. Kf1 {[%emt 0:11:14] [#]} (19. a5 $14 Nc4 20. Nxc4 Rxc4 21. Rd1) 19... d5 $1 $11 20. exd5 Rxc3 (20... Rd8 $11 {keeps the balance.} 21. Bxb6 Rxb6) 21. Qxc3 $16 Qd7 (21... Qxc3 $16 {was necessary.} 22. bxc3 Nbxd5) 22. Qxe5 $18 Nbxd5 23. Bf2 (23. Bg1 $18) 23... Bd6 $16 24. Qd4 Bc5 25. Qd3 {[%emt 0:00:14] Ne4 would now be deadly.} Qc7 (25... Bxf2 $16 26. Kxf2 Qc7) 26. Bxc5 $18 Qxc5 {[%emt 0:00:03] [#]} 27. Nb3 $1 Ne3+ {[%emt 0:03:25] [#]} 28. Ke2 $2 (28. Kg1 $1 $18 Qg5 29. Qd2) 28... Qg5 $36 {[%emt 0:01:26][%mdl 2048] White is under pressure. The position is equal.} 29. g3 $1 {[%emt 0:00:10][%cal Oe2f2] Kf2! is the strong threat.} (29. Qxe3 $2 {loses.} Qxg2+ (29... Re8 30. Qxe8+ Nxe8 31. Kf2 $15) 30. Kd3 Re8 $19) 29... Re8 {[%emt 0:10:37] Strongly threatening ...Neg4+.} 30. Kf2 Nfg4+ 31. fxg4 Nxg4+ 32. Kg1 Re3 33. Qd2 Nxh2 $1 34. Qxe3 Qxe3+ 35. Kxh2 {[%emt 0:00:03] Threatens to win with Rg1.} Qe2+ 36. Kg1 Qe3+ 37. Kg2 {[%emt 0:00:12] And now Re1 would win.} Qe2+ 38. Kg1 Qe3+ 39. Kg2 {[%emt 0:00:11] Hoping for Re1.} Qe2+ {[%emt 0:00:14] Blacks defense is rewarded with a draw.   Weighted Error Value: White=0.14 (very precise) /Black=0.18 (very precise) .  Missed win:     	White=1     	---        Mistake:       	White=2     	Black=3      Inaccurate:     	White=1     	Black=1      OK:         	White=13    	Black=12     Best:        	White=3     	Black=3      Strong:       	White=2     	Black=1} 1/2-1/2

[Event "Chess Ladies Graz 2024"]
[Site "Graz"]
[Date "2024.02.25"]
[Round "1.3"]
[White "Atalik, Ekaterina"]
[Black "Polterauer, Chiara"]
[Result "1-0"]
[ECO "A34"]
[WhiteElo "2405"]
[BlackElo "2189"]
[Annotator "TA"]
[PlyCount "105"]
[EventDate "2024.02.25"]
[EventType "tourn"]
[EventCountry "AUT"]
[SourceTitle "playchess.com"]
[Source "ChessBase"]
[SourceQuality "1"]
[TimeControl "40/5400+30:1800+30"]

1. c4 c5 2. e3 Nf6 3. Nf3 d5 4. d4 Nc6 5. Nc3 cxd4 6. Nxd4 e5 {[%emt 0:04:29] A34: Symmetrical English: 2 Nc3, lines with ...d5.} 7. Nxc6 $1 bxc6 8. cxd5 cxd5 9. Bb5+ Bd7 10. Bxd7+ Qxd7 11. O-O Be7 12. b3 O-O 13. Bb2 Rfd8 14. Qd3 $146 ({Predecessor:} 14. f4 Ng4 15. Nxd5 Bc5 16. h3 Nxe3 17. Nxe3 Bxe3+ 18. Kh1 Bxf4 19. Qxd7 Rxd7 20. Rf2 {0-1 Tsonev,B-Ivanova,S (1807) Kesarovski Georgiev Memorial 8th 2009 (5)}) 14... Rac8 15. Rac1 Qe6 16. Rfd1 d4 17. exd4 Rxd4 18. Qe2 Rcd8 19. Nb5 Rxd1+ 20. Rxd1 Rxd1+ 21. Qxd1 h6 22. Qe2 (22. Nxa7 $2 Bc5 (22... Qa6 $2 23. Bxe5 Qxa7 24. Bxf6 $19) 23. Nb5 Qf5 $19) 22... Bc5 23. h3 (23. Bxe5 $2 Ng4 24. Kf1 Nxe5 $19) 23... e4 24. Nd4 Qd5 25. Nc2 Qd3 26. Kf1 Nd5 27. g3 f5 28. Qxd3 exd3 29. Nd4 f4 30. g4 Bb4 {[%emt 0:07:35] [#]} (30... Nb4 $11 {remains equal.}) 31. a3 $1 $16 Bc5 (31... Bd2 $142) 32. Ke1 $16 Nf6 (32... f3 $142 33. b4 (33. Nxf3 Nf4 $18) 33... Bb6) 33. f3 Nd7 {[%emt 0:00:07] [#]} 34. b4 $1 Bb6 35. Nf5 g6 36. Ne7+ $2 (36. Nxh6+ $18 Kf8 37. Kd2) 36... Kf7 $11 37. Nd5 Be3 $1 38. Nxe3 fxe3 39. Bd4 e2 40. Kd2 $1 (40. Bxa7 $2 Ne5 41. Kd2 Nxf3+ 42. Kxd3 e1=Q $19 (42... e1=B $2 43. Ke2 $18)) 40... a6 $2 (40... Nb6 41. Bxb6 (41. Kxd3 $2 e1=Q $19) (41. Bf2 Nc4+ 42. Kxd3 Nxa3 $18) 41... axb6 42. a4 $18) (40... Ke6 $1 $11 41. Bxa7 (41. Bc3 Ne5 $15) 41... Ne5) 41. Bc3 $1 $18 (41. Kxd3 $2 e1=Q (41... e1=R $2 42. a4 $19) 42. h4 Qxh4 $19) 41... Nb6 42. Kxd3 Nd5 43. Bd2 Nf4+ 44. Ke3 $1 (44. Bxf4 $2 {perishes.} e1=Q (44... e1=B $2 {is the wrong capture.} 45. Bxh6 Bg3 46. a4 $18) 45. Bxh6 Qf1+ 46. Ke4 Qc4+ (46... Qxh3 $2 47. Bd2 $19) 47. Ke5 Qc3+ 48. Ke4 Qc6+ (48... Qxa3 $2 49. Bd2 $19) 49. Kd3 Qxf3+ 50. Be3 Qxh3 $19) 44... g5 45. Kf2 Nxh3+ (45... e1=B+ $18 46. Kxe1 (46. Bxe1 Nxh3+ 47. Ke3 Ke6 $18) 46... Ne6) 46. Kxe2 Ke6 47. Be3 Ke5 48. a4 Kd5 49. Kd3 Ke5 50. b5 (50. a5 $142 Kd5 51. Kc3) 50... axb5 51. axb5 Kd5 52. b6 Kc6 53. Ke4 1-0

[Event "Chess Ladies Graz 2024"]
[Site "Graz"]
[Date "2024.02.25"]
[Round "1.4"]
[White "Froewis, Annika"]
[Black "Trippold, Denise"]
[Result "0-1"]
[ECO "C11"]
[WhiteElo "2133"]
[BlackElo "2147"]
[Annotator "RC"]
[PlyCount "118"]
[EventDate "2024.02.25"]
[EventType "tourn"]
[EventCountry "AUT"]
[SourceTitle "playchess.com"]
[Source "ChessBase"]
[SourceQuality "1"]
[TimeControl "40/5400+30:1800+30"]

1. e4 e6 2. d4 d5 3. Nc3 Nf6 4. e5 Nfd7 5. f4 c5 6. Nf3 Nc6 7. Be3 cxd4 8. Nxd4 Qb6 9. Qd2 Qxb2 10. Rb1 Qa3 11. Bb5 Nxd4 12. Bxd4 a6 13. Bxd7+ Bxd7 14. Rb3 Qe7 15. Rxb7 Qh4+ 16. Bf2 Qd8 17. O-O Qc8 18. Rfb1 Bc6 19. R7b6 Be7 20. Bd4 O-O 21. Qf2 Qd7 22. R6b3 f6 23. Ne2 Bb5 24. Rh3 Rac8 25. c3 f5 26. Kh1 Bc4 27. a3 Rb8 28. Re1 Rb2 29. Re3 Bxa3 30. g4 fxg4 31. Qg3 Bxe2 32. R3xe2 Rxe2 33. Rxe2 Qb5 34. Re1 h5 35. h3 gxh3 36. Rg1 Qd7 37. Kh2 Rf5 38. Kxh3 Qf7 39. Be3 Bf8 40. Rb1 Kh7 41. Kh2 a5 42. Ra1 Qc7 43. Bd2 Qb6 44. Qd3 Qf2+ 45. Kh1 Bc5 46. Rf1 Qh4+ 47. Kg2 Qg4+ 48. Kh2 h4 49. Be1 a4 50. c4 dxc4 51. Qxc4 Be3 52. Qd3 Bxf4+ 53. Kh1 Be3 54. Kh2 Bf4+ 55. Kh1 Bxe5 56. Rg1 Qf3+ 57. Qxf3 Rxf3 58. Kg2 Rf4 59. Rh1 Bf6 0-1

[Event "Chess Ladies Graz 2024"]
[Site "Graz"]
[Date "2024.02.25"]
[Round "1.5"]
[White "Schloffer, Jasmin-Denise"]
[Black "Mkrtchian, Lilit"]
[Result "1/2-1/2"]
[ECO "A90"]
[WhiteElo "2178"]
[BlackElo "2378"]
[Annotator "TA"]
[PlyCount "65"]
[EventDate "2024.02.25"]
[EventType "tourn"]
[EventCountry "AUT"]
[SourceTitle "playchess.com"]
[Source "ChessBase"]
[SourceQuality "1"]
[TimeControl "40/5400+30:1800+30"]

1. d4 e6 2. c4 f5 3. g3 Nf6 4. Bg2 d5 5. Nf3 Bd6 6. O-O c6 7. b3 Qe7 8. Bb2 b6 9. Nbd2 O-O 10. Ne5 Bb7 11. e3 a5 12. Qc2 Na6 13. Rac1 Rac8 14. Rfd1 c5 15. Qb1 Ne4 16. Ndf3 Rc7 17. Nd3 Nb4 18. Nfe5 g6 19. Qa1 ({White should try} 19. dxc5 $14 bxc5 20. a3 Nxd3 21. Qxd3) 19... Nxd3 $11 (19... Rcc8 {seems wilder.} 20. f3 Nxd3 21. Nxd3 dxc4 22. bxc4 Ng5) 20. Rxd3 (20. Nxd3 $11 dxc4 21. bxc4) 20... Bxe5 $17 21. dxe5 dxc4 22. bxc4 {[%emt 0:01:47] [#]} Rd7 (22... Ng5 $1 $17 {And now ...Bxg2 would win.} 23. Bxb7 Rxb7) 23. Rcd1 $1 $11 Rfd8 24. Qb1 Rxd3 25. Rxd3 Nd2 (25... Bc6 $5) 26. Rxd8+ $1 {[%emt 0:02:15] The position is equal.} Qxd8 27. Qd1 Bxg2 28. Kxg2 {[%emt 0:00:05] [#] aiming for Kg1. KQB-KQN} Qa8+ 29. f3 Nxc4 30. Qd7 $1 Qd5 31. Qe8+ Kg7 32. Qe7+ Kg8 $1 ({Not} 32... Kh6 $2 33. Bc1 Qd1 (33... Nxe5 34. e4+) 34. Qh4+ Kg7 35. Qxc4 $18) 33. Qe8+ {[%emt 0:00:58] Weighted Error Value: White=0.12 (very precise) /Black=0.09 (flawless) .  Mistake:       	White=2     	Black=1      Inaccurate:     	---       	Black=1      OK:         	White=8     	Black=5      Best:        	---       	Black=1      Strong:       	White=3     	Black=1} 1/2-1/2

[Event "Chess Ladies Graz 2024"]
[Site "Graz"]
[Date "2024.02.26"]
[Round "2.1"]
[White "Daulyte-Cornette, Deimante"]
[Black "Mkrtchian, Lilit"]
[Result "1/2-1/2"]
[ECO "C02"]
[WhiteElo "2372"]
[BlackElo "2378"]
[Annotator "TA"]
[PlyCount "56"]
[EventDate "2024.02.25"]
[EventType "tourn"]
[EventCountry "AUT"]
[SourceTitle "playchess.com"]
[Source "ChessBase"]
[SourceQuality "1"]
[TimeControl "40/5400+30:1800+30"]

1. e4 e6 2. d4 d5 3. e5 c5 4. c3 Nc6 5. Nf3 Bd7 6. Be2 Nge7 7. O-O Ng6 8. Be3 cxd4 9. cxd4 Be7 10. Nbd2 O-O 11. Rc1 Qb6 12. Qb3 Na5 13. Qxb6 axb6 14. g3 b5 15. h4 Nc4 16. h5 Nh8 17. Nxc4 bxc4 18. a3 f6 19. h6 Nf7 20. hxg7 Kxg7 21. Kg2 b5 22. Rh1 b4 23. exf6+ Bxf6 24. axb4 Ra2 25. Rb1 Rb8 {[%emt 0:00:34] The position is equal.} 26. Bd2 Be7 27. Bc3 (27. Ra1 $5 Rba8 28. Rxa2 Rxa2 29. Bc3 $11) 27... Bxb4 28. Ra1 $1 Rxa1 {[%emt 0:02:32] Weighted Error Value: White=0.12 (very precise) /Black=0.10 (very precise) .  Inaccurate:     	White=4     	Black=2      OK:         	White=7     	Black=6      Best:        	White=1     	---        Strong:       	White=1     	---} 1/2-1/2

[Event "Chess Ladies Graz 2024"]
[Site "Graz"]
[Date "2024.02.26"]
[Round "2.2"]
[White "Trippold, Denise"]
[Black "Schloffer, Jasmin-Denise"]
[Result "0-1"]
[ECO "A17"]
[WhiteElo "2147"]
[BlackElo "2178"]
[Annotator "RC"]
[PlyCount "94"]
[EventDate "2024.02.25"]
[EventType "tourn"]
[EventCountry "AUT"]
[SourceTitle "playchess.com"]
[Source "ChessBase"]
[SourceQuality "1"]
[TimeControl "40/5400+30:1800+30"]

1. c4 Nf6 2. Nf3 e6 3. Nc3 Bb4 4. Qc2 O-O 5. a3 Bxc3 6. Qxc3 Ne4 7. Qc2 f5 8. d3 Nf6 9. g3 b6 10. Bg2 Bb7 11. O-O d6 12. b4 Qe8 13. Bb2 Nbd7 14. Rac1 c5 15. Nd2 Bxg2 16. Kxg2 f4 17. gxf4 Ng4 18. e3 Qg6 19. Kh1 Nxh2 20. Rg1 Ng4 21. Nf3 Qh5+ 22. Kg2 e5 23. Rh1 Qg6 24. Kf1 exf4 25. e4 Nde5 26. Qe2 Rae8 27. Ke1 Nxf3+ 28. Qxf3 Ne5 29. Qh3 f3 30. Bxe5 Rxe5 31. Kd2 Rg5 32. Rh2 h6 33. Rch1 Rg2 34. Qd7 Rf7 35. Qc8+ Kh7 36. Qh3 Qg5+ 37. Kc2 Rf6 38. Re1 Rxh2 39. Qxh2 Qg2 40. Rh1 Rg6 41. Qh4 Rg4 42. Qh5 Qxf2+ 43. Kb3 Qg2 44. Qf5+ Rg6 45. Rh3 f2 46. Rf3 Qxf3 47. Qxf3 Rf6 0-1

[Event "Chess Ladies Graz 2024"]
[Site "Graz"]
[Date "2024.02.26"]
[Round "2.3"]
[White "Polterauer, Chiara"]
[Black "Froewis, Annika"]
[Result "1/2-1/2"]
[ECO "C78"]
[WhiteElo "2189"]
[BlackElo "2133"]
[Annotator "RC"]
[PlyCount "108"]
[EventDate "2024.02.25"]
[EventType "tourn"]
[EventCountry "AUT"]
[SourceTitle "playchess.com"]
[Source "ChessBase"]
[SourceQuality "1"]
[TimeControl "40/5400+30:1800+30"]

1. e4 e5 2. Nf3 Nc6 3. Bb5 a6 4. Ba4 Nf6 5. O-O b5 6. Bb3 Bc5 7. a4 Rb8 8. c3 d6 9. d4 Bb6 10. Na3 O-O 11. axb5 axb5 12. Nxb5 Bg4 13. Bc2 Bxf3 14. gxf3 Nh5 15. f4 Qh4 16. Qf3 Nxf4 17. Bxf4 Qxf4 18. Qxf4 exf4 19. h4 h6 20. Kg2 Ne7 21. Kf3 f5 22. Rae1 Ba5 23. Bd3 Kh8 24. b4 Bb6 25. Rg1 Rf6 26. h5 c6 27. e5 dxe5 28. Rxe5 Nd5 29. Bxf5 Nxc3 30. Nxc3 Bxd4 31. Ra5 Bxc3 32. Be4 Bxb4 33. Rb1 Rff8 34. Ra7 c5 35. Rg1 Bc3 36. Rg4 Be5 37. Bd5 Rf5 38. Bf7 Bd4 39. Rxf4 Rxf4+ 40. Kxf4 Bxf2 41. Re7 Bh4 42. Re8+ Rxe8 43. Bxe8 Kg8 44. Bb5 Kf7 45. Kf5 Ke7 46. Bc4 Bf6 47. Bg8 Kd6 48. Bc4 Bd4 49. Bg8 Kc6 50. Bc4 Kb6 51. Ke4 Ka5 52. Kd3 Kb4 53. Bf7 Bf6 54. Be6 Bd4 1/2-1/2

[Event "Chess Ladies Graz 2024"]
[Site "Graz"]
[Date "2024.02.26"]
[Round "2.4"]
[White "Bodnaruk, Anastasia"]
[Black "Atalik, Ekaterina"]
[Result "1-0"]
[ECO "B12"]
[WhiteElo "2340"]
[BlackElo "2405"]
[Annotator "TA"]
[PlyCount "59"]
[EventDate "2024.02.25"]
[EventType "tourn"]
[EventCountry "AUT"]
[SourceTitle "playchess.com"]
[Source "ChessBase"]
[SourceQuality "1"]
[TimeControl "40/5400+30:1800+30"]

1. e4 c6 2. d4 d5 3. e5 c5 4. Nf3 cxd4 5. Qxd4 Nc6 6. Qf4 e6 7. Bd3 Qc7 8. Nc3 {[%emt 0:04:17] White is slightly better.} a6 {[%emt 0:01:37] Wards off Nb5} 9. O-O Nge7 10. Re1 Ng6 11. Qg3 d4 ({Black should try} 11... Bc5 $14) 12. Bxg6 $16 hxg6 13. Ne4 Bd7 14. Bg5 Qb6 (14... Bb4 $16) 15. c3 Qxb2 16. cxd4 (16. Rab1 $18 Qxa2 17. Rxb7 (17. cxd4 Rb8 $14)) 16... Nxd4 (16... Qa3 $16 {is a better defense.}) 17. Nxd4 $18 Qxd4 18. Rad1 (18. Qf4 $18 {Nd6+ would now be deadly.} Qb6 19. Reb1) 18... Qa4 $2 ({Better is} 18... Qb6 $1 $14) 19. Rd3 Bc6 {[%emt 0:13:12] [#] Black is weak on the dark squares} 20. Red1 $1 Be7 $16 {[%emt 0:07:46] Repels Nf6+} 21. Rd4 $36 {[%emt 0:04:40][%mdl 2048] Black is under strong pressure. White is more active.} Qc2 $2 (21... Qxd1+ $16 22. Rxd1 Bxe4) 22. Bxe7 $18 Bxe4 23. Qg5 Bd5 (23... Qc7 $142 24. Rd8+ Rxd8 25. Rxd8+ Qxd8 26. Bxd8 O-O) 24. Bd6 f6 25. exf6 Rh5 26. Qe3 (26. fxg7 Rxg5 27. g8=Q+ (27. g8=B Rxg2+ 28. Kh1 Rg4+ 29. Rxd5 Qe4+ 30. f3 Qxf3#) 27... Kd7 $11) 26... Kd7 27. Rc1 Qf5 28. Qa3 gxf6 29. g4 (29. Qa5 $142 Rc8 30. Rc7+ Kxd6 31. Qb6+ (31. Rxc8 {gets mated.} Qb1+) 31... Ke5 32. Rxd5+ (32. Rxc8 Rh7 $18) (32. f4+ Qxf4 33. Rxf4 Kxf4 $18) 32... exd5 33. Re7+ (33. Rxb7 $2 Rc1#) 33... Qe6 34. Qxe6+ Kd4 35. Qg4+ (35. Qxc8 Re5 $18) 35... Kc5 36. Qxc8+ Kb5 37. Rxb7+ (37. Qxb7+ Kc5 38. Qc8+ Kb4 39. Rb7+ Ka4 40. Qc6+ Ka5 41. Qc5+ Ka4 42. Qb4#) 37... Ka4 38. Qc6+ Ka5 39. Qc5+ Ka4 40. Qb4#) 29... Rg5 30. Bg3 {[%emt 0:01:01] Weighted Error Value: White=0.75/Black=0.82.  Loses game:     	---       	Black=2      Missed win:     	White=1     	---        Mistake:       	White=2     	Black=4      Inaccurate:     	---       	Black=3      OK:         	White=9     	Black=5      Best:        	White=2     	Black=2} 1-0

[Event "Chess Ladies Graz 2024"]
[Site "Graz"]
[Date "2024.02.26"]
[Round "2.5"]
[White "Mayrhuber, Nikola"]
[Black "Brunello, Marina"]
[Result "0-1"]
[ECO "E16"]
[WhiteElo "1980"]
[BlackElo "2345"]
[Annotator "TA"]
[PlyCount "80"]
[EventDate "2024.02.25"]
[EventType "tourn"]
[EventCountry "AUT"]
[SourceTitle "playchess.com"]
[Source "ChessBase"]
[SourceQuality "1"]
[TimeControl "40/5400+30:1800+30"]

1. d4 Nf6 2. c4 e6 3. g3 Bb4+ 4. Nd2 d5 5. Bg2 O-O 6. Ngf3 b6 7. cxd5 exd5 8. O-O Bb7 9. a3 Be7 10. b4 a5 11. b5 c6 12. bxc6 {[%emt 0:03:41] The position is equal.} Nxc6 13. Bb2 b5 14. Nb3 Ne4 15. Nfd2 a4 16. Nxe4 dxe4 17. Nc5 Bxc5 18. dxc5 Na5 19. Qc2 Re8 20. Rad1 Qc7 21. Qc3 {[%emt 0:10:46][%csl Gb2][%cal Rc3g7] [#]} f6 22. Bh3 Bc8 {[%emt 0:05:49] Prevents Rd7.} 23. Bxc8 Raxc8 24. Rd5 Nc4 25. Rfd1 Qc6 26. Ba1 (26. Qb4 $11 {remains equal.}) 26... Re5 $17 {[%emt 0:04:41] Black is more active.} 27. Rd8+ Rxd8 28. Rxd8+ Kf7 29. Qd4 {[%emt 0:01:11] Against Rd5} Rxc5 (29... h6 $17 30. Kg2 Qxc5 (30... Rxc5 31. Rd7+ Kg8 32. Bc3 $11) 31. Qd7+ Re7) 30. Bc3 {[%emt 0:03:43] Hoping for Bb4.} Ne5 31. Bb4 (31. Rd6 $11 Qc8 32. Bd2) 31... Rc1+ 32. Kg2 Rc2 {[%emt 0:00:00] White must now prevent ...e3+.} 33. Qa7+ (33. Qe3 $17) 33... Kg6 $19 {[%emt 0:00:00] And now ...e3+ would win.} 34. Rd6 Qc4 35. Qe7 {[%emt 0:00:34] [#]} (35. Rd2 $19 Rxd2 36. Bxd2 Qxe2 37. Qe3 Qxe3 38. Bxe3) 35... Qxe2 $1 36. Qe8+ Nf7 37. Rxf6+ gxf6 {[%emt 0:00:00] Black mates.} 38. Qg8+ Kf5 39. Qxh7+ Ke6 40. Qh3+ f5 {[%emt 0:00:00] Weighted Error Value: White=0.58/Black=0.32.  Loses game:     	White=2     	---        Mistake:       	White=2     	Black=1      Inaccurate:     	White=1     	---        OK:         	White=7     	Black=8      Best:        	White=2     	Black=5      Strong:       	---       	Black=1} 0-1

[Event "Chess Ladies Graz 2024"]
[Site "Graz"]
[Date "2024.02.27"]
[Round "3.1"]
[White "Brunello, Marina"]
[Black "Daulyte-Cornette, Deimante"]
[Result "0-1"]
[ECO "B32"]
[WhiteElo "2345"]
[BlackElo "2372"]
[Annotator "TA"]
[PlyCount "102"]
[EventDate "2024.02.25"]
[EventType "tourn"]
[EventCountry "AUT"]
[SourceTitle "playchess.com"]
[Source "ChessBase"]
[SourceQuality "1"]
[TimeControl "40/5400+30:1800+30"]

1. e4 c5 2. Nf3 Nc6 3. d4 cxd4 4. Nxd4 e5 5. Nb5 d6 6. N1c3 a6 7. Na3 Be6 8. Nc4 Rb8 9. a4 Nb4 10. Nd5 {[%emt 0:02:23] Dodges Nf6} Bxd5 {[%emt 0:01:10] The position is equal.} 11. exd5 Nf6 12. Ne3 {[%emt 0:15:07] c3 is the strong threat.} Qa5 $1 13. Bd2 {[%emt 0:02:36] aiming for Ra3.} Qc5 14. c4 {[%emt 0:02:24] Threatens to win with a5.} Ne4 15. Be2 Nxd2 16. Qxd2 g6 17. a5 {[%emt 0:01:19] Hoping for Ra4.} b6 $1 18. axb6 Bh6 19. O-O (19. h4 $11) 19... O-O $15 20. Ra4 Qxb6 21. Qc3 Rfc8 22. Rd1 Bg7 23. Qa3 e4 24. c5 Qxc5 25. Bxa6 Nxa6 26. Rxa6 Rxb2 27. Qxc5 dxc5 (27... Rxc5 28. Rxd6 Bh6 29. Ng4 $15) 28. Nc4 Rbb8 ({Black should play} 28... Rb4 $17 29. Rc6 Rd8 (29... Rxc6 $2 30. dxc6 Bd4 31. c7 $18) 30. Rxc5 Bd4) 29. Nd6 {[%emt 0:05:55] [#]} (29. d6 $15) 29... Rd8 $1 $17 {[%emt 0:00:10] And now ...Rb4 would win.} 30. Nxe4 {[%emt 0:00:06][%cal Og2g3] [#]} Rxd5 $3 31. Rc1 ({Don't go for} 31. Nf6+ $2 Bxf6 32. Rf1 Kg7 $19) 31... Bb2 {[%emt 0:12:33] ...Re5 would now be deadly.} 32. Rb1 {[%emt 0:07:45] [#]} (32. Nf6+ $17 Kg7 (32... Bxf6 33. Rxf6 Kg7 34. Rc6 $15) 33. Nxd5 Bxc1 34. Ra7) 32... Rb4 $1 $19 33. g3 Kg7 (33... Re5 $142 34. Nd6 Kf8) 34. Ra2 ({White should try} 34. Ra5) 34... Be5 $17 35. Re1 Rb2 {[%emt 0:02:04] Black is more active.} 36. Rxb2 Bxb2 {[%emt 0:00:05][%mdl 4096] Endgame. KRB-KRN} 37. Re2 Bd4 38. Rc2 (38. Kf1 $17) 38... Re5 $19 39. Nc3 (39. Nd6 $142) 39... Bxc3 40. Rxc3 {[%emt 0:00:06] KR-KR} Kf6 41. f4 Rd5 42. Kf2 Ke6 43. Ke3 Kd6 44. g4 h5 45. h3 h4 46. Rc1 Kc6 47. Ra1 $2 (47. g5) 47... c4 {[%emt 0:00:00] Black is clearly winning.} 48. Ra6+ Kb5 49. Ra7 f5 50. Rb7+ Kc5 51. Rg7 c3 {[%emt 0:00:00] Weighted Error Value: White=0.48/Black=0.08 (flawless) .  Mistake:       	White=7     	Black=2      Inaccurate:     	White=3     	Black=2      OK:         	White=9     	Black=20     Best:        	---       	Black=4      Strong:       	---       	Black=4} ({Weaker is} 51... Rd3+ 52. Ke2 $19) 0-1

[Event "Chess Ladies Graz 2024"]
[Site "Graz"]
[Date "2024.02.27"]
[Round "3.2"]
[White "Atalik, Ekaterina"]
[Black "Mayrhuber, Nikola"]
[Result "1-0"]
[ECO "E46"]
[WhiteElo "2405"]
[BlackElo "1980"]
[Annotator "TA"]
[PlyCount "85"]
[EventDate "2024.02.25"]
[EventType "tourn"]
[EventCountry "AUT"]
[SourceTitle "playchess.com"]
[Source "ChessBase"]
[SourceQuality "1"]
[TimeControl "40/5400+30:1800+30"]

1. d4 Nf6 2. c4 e6 3. Nc3 Bb4 4. e3 O-O 5. Nge2 Re8 6. a3 Bf8 7. d5 exd5 8. cxd5 a5 9. Ng3 Na6 10. Be2 Nc5 {[%emt 0:00:57] The position is equal.} 11. b3 b6 12. O-O Ba6 13. Bxa6 Rxa6 14. Bb2 c6 {[%emt 0:12:50] [#]} 15. e4 b5 $15 16. Re1 b4 $1 17. axb4 axb4 {[%emt 0:00:10] ...Rxa1 is the strong threat.} 18. Na4 (18. Rxa6 $2 bxc3 19. Bxc3 Nxa6 $19) 18... Nxa4 (18... Nfxe4 $17 {Hoping for ...Nxa4.} 19. dxc6 Rxc6 20. Nxc5 Nxc5) 19. Rxa4 $11 Rxa4 20. bxa4 cxd5 21. e5 Ne4 22. Qxd5 (22. Nxe4 $11 dxe4 23. Rxe4) 22... Nxg3 (22... Nc3 $15 23. Bxc3 bxc3) 23. hxg3 Re6 24. Rd1 d6 25. Qb5 Qg5 {[%emt 0:05:58] White stays focused until the end.} ({Black should try} 25... Qc8 $14 26. Qxb4 dxe5) 26. exd6 $1 $16 {[%emt 0:04:02] White is more active.} (26. Qxb4 $6 Rh6 27. Rc1 (27. exd6 $2 Qh5 $19) 27... Qh5 $11) 26... Qxb5 27. axb5 {[%emt 0:00:05] aiming for d7.} Rxd6 28. Rxd6 Bxd6 {[%emt 0:00:02][%mdl 4096] Endgame. KB-KB} 29. Kf1 $1 f6 (29... h5 $16 30. Ke2 (30. b6 f6 $11) 30... Bc5) 30. Ke2 $1 $18 {[%emt 0:00:12] Threatens to win with Kd3.} (30. b6 Kf7 $11) 30... Kf7 {[%emt 0:00:02] [#]} (30... Bc5 $142 31. f3 Kf7) 31. Kd3 $1 Bc5 $2 {[%emt 0:03:08] [#]} (31... Ke6 {might work better.} 32. Kc4 g5) 32. Bd4 $1 Bd6 33. Kc4 Ke6 34. Be3 g5 $2 (34... Kd7 35. Bf4 Bf8) 35. Bd2 b3 36. Kxb3 Kd5 37. Be3 h5 38. b6 Kc6 39. Kc4 Be5 $2 (39... g4 40. Kd3 f5) 40. Bd4 {[%emt 0:01:51] Threatening mate with Bxe5.} Bd6 41. Bxf6 Kxb6 42. Kd5 Bc5 43. Bd4 {[%emt 0:00:00] Weighted Error Value: White=0.10 (very precise) /Black=0.51.  Mistake:       	White=2     	Black=8      Inaccurate:     	White=1     	Black=2      OK:         	White=9     	Black=9      Best:        	White=2     	Black=2      Strong:       	White=5     	Black=1} ({Weaker is} 43. Bxg5 Bxf2 44. Bd8+ Kb5 $14) 1-0